 Dungeon Crawl Stone Soup version 0.21.1-1-g345015fe64 (webtiles) character file.

6401 Jerry the Grappler (level 10, -14/102 HPs)
             Began as a Troll Monk on Feb 14, 2018.
             Demolished by an eight-headed hydra (16 damage)
             ... on level 1 of the Lair of Beasts.
             The game lasted 00:25:17 (6417 turns).

Jerry the Grappler (Troll Monk)                     Turns: 6417, Time: 00:25:18

Health: -14/102    AC:  7    Str: 20 (21) XL:     10   Next: 66%
Magic:  9/9        EV: 14    Int:  8 (9)  God:
Gold:   60         SH:  0    Dex: 14 (16) Spells: 9/9 levels left

rFire    + . .     SeeInvis .     - Unarmed
rCold    + . .     Gourm    +   (no shield)
rNeg     . . .     Faith    .   a - +0 robe
rPois    .         Spirit   .   p - +0 hat of Catatonia {rF+ Dex+4 Stlth+}
rElec    .         Reflect  .   q - +1 cloak
rCorr    .         Harm     .   (gloves unavailable)
MR       +....                  (boots unavailable)
Stlth    +++.......             m - amulet of regeneration
HPRegen  1.07/turn              D - ring of protection from cold
MPRegen  0.11/turn              F - ring of protection from magic

@: very slightly contaminated
A: large, unfitting armour, claws 3, fast metabolism 3, gourmand, regeneration
1, shaggy fur 1, tough skin 2
a: no special abilities


You were on level 1 of the Lair of Beasts.
You were very full.

You visited 3 branches of the dungeon, and saw 11 of its levels.

You collected 405 gold pieces.
You spent 345 gold pieces at shops.

Inventory:

Hand Weapons
 H - a +4 mace
Missiles
 c - 4 large rocks (quivered)
Armour
 a - a +0 robe (worn)
 p - the +0 hat of Catatonia (worn) {rF+ Dex+4 Stlth+}
   (You acquired it on level 7 of the Dungeon)

   It affects your dexterity (+4).
   It protects you from fire.
   It makes you more stealthy.
 q - a +1 cloak (worn)
Jewellery
 m - an amulet of regeneration (around neck)
 D - a ring of protection from cold (left claw)
 F - a ring of protection from magic (right claw)
Wands
 r - a wand of random effects (18)
 t - a wand of iceblast (28)
 C - a wand of polymorph (6)
Scrolls
 d - 3 scrolls of remove curse
 g - 3 scrolls of amnesia
 i - 3 scrolls of enchant armour
 k - 3 scrolls of immolation
 l - 5 scrolls of teleportation
 y - a scroll of brand weapon {unknown}
 E - a scroll of enchant weapon
Potions
 f - 3 potions of curing
 h - 3 potions of brilliance
 n - 3 potions of ambrosia
 w - 2 potions of cancellation
 B - a potion of resistance
Books
 o - Vehumet's Catalogue of Conjuration
   (You found it on level 2 of the Dungeon)

   Spells                             Type                      Level
   a - Magic Dart                     Conjuration                  1
 x - a book of Cantrips

   Spells                             Type                      Level
   a - Confusing Touch                Hexes                        1
   b - Animate Skeleton               Necromancy                   1
   c - Summon Small Mammal            Summoning                    1
   d - Apportation                    Translocation                1
Comestibles
 b - 15 rations


   Skills:
 + Level 7.1 Fighting
 + Level 7.1 Dodging
 + Level 2.5 Stealth
 * Level 11.4 Unarmed Combat


You had 9 spell levels left.
You didn't know any spells.

Dungeon Overview and Level Annotations

Branches:
Dungeon (9/15)             Temple (1/1) D:5            Lair (1/6) D:9
    Orc: D:9-12

Altars:
Ashenzari
Cheibriados
Dithmenos
Elyvilon
Fedhas
Gozag
Hepliaklqana
Kikubaaqudgha
Makhleb
Nemelex Xobeh
Okawaru
Qazlal
Ru
Sif Muna
Trog
Uskayaw
Vehumet
Wu Jian
Xom
Yredelemnul
Zin
The Shining One

Shops:
D:7 *

Annotations:
D:5 Sigmund
Lair:1 maxonian's ghost, journeyman OpFi


Innate Abilities, Weirdness & Mutations

You are too large for most types of armour.
You have claws for hands.
Your metabolism is lightning-fast.
You like to eat raw meat.
Your natural rate of healing is unusually fast.
You are covered in fur. (AC +1)
You have very tough skin. (AC +2)


Message History

Your magical effects are unravelling.
You feel magically purged.
You feel a little less mighty now. The death yak gores you!!
* * * LOW HITPOINT WARNING * * *
Maxonian's ghost hits you.
* * * LOW HITPOINT WARNING * * *
You hear a roar!
It was a potion of degeneration.
There was something very wrong with that liquid.
You feel weakened.
You feel dopey.
You feel clumsy. The death yak barely misses you.
Maxonian's ghost closely misses you.
Blink to where?
Press: ? - help, Dir - move target cursor, p - death yak You are very lightly contaminated with residual magic.
As you read the scroll of blinking, it crumbles to dust.
Maxonian's ghost closely misses you. The eight-headed hydra bites you!
* * * LOW HITPOINT WARNING * * *
The eight-headed hydra bites you!
You die...

..Y.... .
.##.....# #.##
.#...#.# #
....#......## .#
#..#..#....##.####
...............#
##...# #..#
#P.D.###Y#.......
##.@.##..##.##.##
#..W###YY#.##.
#..Y...Y......#
#P..####.###.###
....... ..# #
........ ...
##.##..# ##### #.
...# . ....


You could see a death yak, an eight-headed hydra and maxonian's ghost.

Vanquished Creatures
  2 two-headed ogres
  A death yak (Lair:1)
  A wyvern (D:8)
  A steam dragon (D:8)
  A hungry ghost (D:7)
  2 hell hounds (D:9)
  A water moccasin (D:9)
  Duvessa (D:5)
  3 orc warriors
  2 ice beasts
  2 sky beasts
  2 phantoms
  3 ogres
  5 centaurs
  A crocodile (Lair:1)
  A big kobold (D:6)
  9 bullfrogs
  A gnoll sergeant (D:6)
  Dowan (D:5)
  4 scorpions
  3 killer bees (D:8)
  4 crimson imps
  2 howler monkeys (D:7)
  A centaur zombie (D:8)
  A bullfrog zombie (D:5)
  A hound (D:8)
  2 jellies
  3 orc priests (D:7)
  A centaur skeleton (D:6)
  3 iguanas (D:6)
  2 orc wizards
  4 bullfrog skeletons
  Natasha (D:4)
  A worker ant (D:8)
  A hound skeleton (D:8)
  3 worker ant zombies
  5 gnolls
  5 adders
  An ooze (D:3)
  2 worms (D:2)
  4 dart slugs
  4 leopard geckos
  22 orcs
  6 giant cockroaches
  8 goblins
  14 hobgoblins
  13 jackals
  A quokka (D:7)
  2 ball pythons
  8 bats
  7 frilled lizards
  A giant cockroach zombie (D:6)
  10 kobolds
  A leopard gecko skeleton (D:7)
  9 rats
200 creatures vanquished.

Notes
Turn   | Place    | Note
-------+----------+-------------------------------------------
     0 | D:1      | Jerry the Troll Monk began the quest for the Orb.
     0 | D:1      | Reached XP level 1. HP: 22/22 MP: 0/0
   138 | D:1      | Reached XP level 2. HP: 29/29 MP: 1/1
   554 | D:1      | Reached XP level 3. HP: 34/36 MP: 2/2
  1089 | D:2      | Reached skill level 4 in Unarmed Combat
  1182 | D:2      | Reached XP level 4. HP: 44/44 MP: 3/3
  1377 | D:2      | Found an ancient bone altar of Kikubaaqudgha.
  1377 | D:2      | Found a deep blue altar of Sif Muna.
  1379 | D:2      | Found a radiant altar of Vehumet.
  1383 | D:2      | Identified Vehumet's Catalogue of Conjuration
  1635 | D:3      | Found a shattered altar of Ashenzari.
  2184 | D:4      | Found a blossoming altar of Fedhas.
  2270 | D:4      | Reached XP level 5. HP: 38/53 MP: 4/4
  2405 | D:4      | Noticed a phantom
  2647 | D:5      | Entered Level 5 of the Dungeon
  2649 | D:5      | Noticed Sigmund
  2799 | D:4      | Killed a phantom
  2799 | D:4      | Reached skill level 5 in Unarmed Combat
  2845 | D:4      | Noticed Natasha
  2852 | D:4      | Killed Natasha
  2852 | D:4      | Reached XP level 6. HP: 55/61 MP: 5/5
  2916 | D:5      | Noticed Duvessa
  2931 | D:5      | Killed Duvessa
  3023 | D:5      | Noticed Dowan
  3049 | D:5      | Killed Dowan
  3049 | D:5      | Reached skill level 6 in Unarmed Combat
  3049 | D:5      | Reached XP level 7. HP: 59/68 MP: 6/6
  3082 | D:5      | Found an opulent altar of Gozag.
  3082 | D:5      | Found a hazy altar of Hepliaklqana.
  3354 | D:5      | Found a staircase to the Ecumenical Temple.
  3364 | Temple   | Entered the Ecumenical Temple
  3672 | D:6      | Reached skill level 7 in Unarmed Combat
  3737 | D:6      | Reached XP level 8. HP: 71/79 MP: 7/7
  3874 | D:6      | Reached skill level 5 in Dodging
  3874 | D:6      | Reached skill level 8 in Unarmed Combat
  3885 | D:5      | Reached skill level 5 in Fighting
  4385 | D:6      | Found a sacrificial altar of Ru.
  4511 | D:7      | Reached XP level 9. HP: 82/88 MP: 8/8
  4520 | D:7      | Reached skill level 9 in Unarmed Combat
  4571 | D:7      | Found Zuivia's Assorted Antiques.
  5158 | D:7      | Bought a pitted flail for 255 gold pieces
  5158 | D:7      | Bought a scroll labeled HEDUMA TEUGHET for 30 gold pieces
  5158 | D:7      | Bought a scroll labeled VOSKOESESE for 30 gold pieces
  5158 | D:7      | Bought a scroll labeled ISTENL ELOPT for 30 gold pieces
  5228 | D:6      | Reached skill level 10 in Unarmed Combat
  5424 | D:7      | Identified the cursed +1 flail "Hanuro" {protect, rElec MR+ MP-9} (You bought it in a shop on level 7 of the Dungeon)
  5437 | D:7      | Identified a scroll of acquirement
  5438 | D:7      | Got a steaming hat
  5439 | D:7      | Identified the +0 hat of Catatonia {rF+ Dex+4 Stlth+} (You acquired it on level 7 of the Dungeon)
  5938 | D:8      | Reached XP level 10. HP: 100/100 MP: 9/9
  5993 | D:8      | Found an ornate altar of the Wu Jian Council.
  6125 | D:8      | Noticed a two-headed ogre
  6132 | D:8      | Killed a two-headed ogre
  6226 | D:9      | Noticed a two-headed ogre
  6231 | D:9      | Killed a two-headed ogre
  6231 | D:9      | Reached skill level 11 in Unarmed Combat
  6265 | D:9      | Found a staircase to the Lair.
  6304 | Lair:1   | Entered Level 1 of the Lair of Beasts
  6304 | Lair:1   | Noticed a death yak
  6333 | Lair:1   | Killed a death yak
  6383 | Lair:1   | Noticed a death yak
  6386 | Lair:1   | Noticed a death yak
  6392 | Lair:1   | Noticed an eight-headed hydra
  6403 | Lair:1   | Noticed a death yak
  6405 | Lair:1   | Noticed a death yak
  6409 | Lair:1   | Noticed a death yak
  6410 | Lair:1   | Noticed maxonian's ghost (journeyman OpFi)
  6417 | Lair:1   | HP: 2/102 [eight-headed hydra (10)]
  6417 | Lair:1   | Demolished by an eight-headed hydra

Skill      XL: |  1  2  3  4  5  6  7  8  9 10 |
---------------+-------------------------------+-----
Unarmed Combat | 4 5 6 7 8 10 11 | 11.4
Fighting       | 3 4 5 6 7 |  7.1
Dodging        | 3 4 5 6 7 |  7.1
Stealth        | 2 |  2.5

Action                   |  1- 3 |  4- 6 |  7- 9 | 10-12 || total
-------------------------+-------+-------+-------+-------++-------
Melee: Unarmed           |   120 |   115 |   318 |    56 ||   609
       Punch             |     2 |     1 |    15 |     3 ||    21
Throw: Large rock        |       |     1 |       |     5 ||     6
  Use: Scroll            |       |     2 |    13 |     9 ||    24
       Potion            |       |       |       |     6 ||     6
 Stab: Sleeping          |     3 |     3 |     4 |     1 ||    11
       Distracted        |       |       |     1 |       ||     1
  Eat: Chunk             |    16 |    17 |    35 |     4 ||    72
Armor: Robe              |    55 |    22 |    60 |     8 ||   145
Dodge: Dodged            |    67 |    43 |   169 |    23 ||   302
